AoeStats
← 147

Arena

510406610Analyzed
3v3 RM · 2d ago on Sep 30, 2026· 50m 29s· 6 players
Game mode
Random Map
Map size
Normal (6 player)
Population
200
Speed
Normal
Resources
Standard
Victory
Conquest
Starting age
Dark Age
Ending age
Imperial Age
RankedLock teamsTeams togetherTeam positionsShared explorationLock speedFull tech treeHidden civsTurbo modeCheats
Victory
Defeat
🇦🇷 Varangians · Argentina
1190
+8
🇦🇷 Goths · Argentina
1050
+13
🇦🇷 Byzantines · Argentina
976
+15
🇨🇱 Persians · Chile
1017
-13
🇦🇷 Maya · Argentina
976
-12
🇹🇷 Spanish · Türkiye
968
-11
makrimonos
9:50 Feudal Age
10:39 Double-Bit Axe
16:42 Castle Age
19:51 Horse Collar
20:38 Gold Mining
22:53 Heavy Plow
24:27 Stone Mining
28:10 Wheelbarrow
27:22 Town Watch
28:22 Bow Saw
28:49 Stone Shaft Mining
29:40 Hand Cart
31:31 Ballistics
34:30 Imperial Age
32:05 Town Patrol
34:46 Husbandry
37:14 Chemistry
36:44 Bloodlines
37:35 Conscription
36:36 Elite Conquistador
38:41 Scale Barding Armor
41:18 Arson
41:33 Squires
40:54 Pikeman
41:51 Forging
41:42 Scale Mail Armor
42:50 Halberdier
43:49 Chain Mail Armor
44:10 Iron Casting
44:55 Cavalier
47:30 Two-Man Saw
45:53 Light Cavalry
46:42 Hussar
Chelo Salas
10:21 Feudal Age
10:56 Double-Bit Axe
12:43 Wheelbarrow
17:32 Castle Age
20:50 Bow Saw
21:45 Horse Collar
23:47 Loom
26:35 Imperial Age
25:30 Eagle Warrior
28:27 Elite Eagle Warrior
30:12 Forging
29:58 Town Watch
31:14 Conscription
31:16 Scale Mail Armor
32:35 Squires
33:36 Chain Mail Armor
35:45 Iron Casting
35:48 Arson
36:20 Hand Cart
36:57 Plate Mail Armor
41:12 Blast Furnace
41:35 Gold Mining
41:35 Stone Mining
42:08 Fletching
42:42 Ballistics
44:38 Bodkin Arrow
45:31 Bracer
canaed
12:04 Feudal Age
13:02 Loom
16:07 Castle Age
15:06 Double-Bit Axe
17:55 Bow Saw
18:19 Horse Collar
23:33 Husbandry
24:09 Gold Mining
25:44 Wheelbarrow
26:45 Gold Shaft Mining
27:10 Bloodlines
28:19 Hand Cart
28:13 Heavy Plow
31:20 Imperial Age
29:59 Scale Barding Armor
31:41 Chain Barding Armor
31:02 Cavalier
31:56 Forging
33:33 Chemistry
33:00 Conscription
32:51 Citadels
33:19 Plate Barding Armor
33:35 Savar
34:55 Iron Casting
34:53 Kamandaran
35:11 Murder Holes
37:02 Hoardings
36:00 Crossbowman
38:43 Thumb Ring
40:55 Blast Furnace
39:50 Fletching
41:02 Blast Furnace
43:46 Bodkin Arrow
44:58 Light Cavalry
147
10:10 Feudal Age
11:34 Loom
14:22 Castle Age
12:29 Horse Collar
13:53 Double-Bit Axe
18:26 Wheelbarrow
17:40 Town Watch
18:50 Bow Saw
19:00 Heavy Plow
21:21 Hand Cart
22:09 Town Patrol
26:34 Forging
26:25 Scale Mail Armor
28:12 Iron Casting
27:48 Caravan
31:36 Imperial Age
29:21 Stone Mining
29:25 Gold Mining
30:24 Chain Mail Armor
31:00 Squires
30:21 Man-at-Arms
30:22 Pikeman
31:36 Anarchy
31:59 Long Swordsman
32:01 Halberdier
33:14 Conscription
33:00 Perfusion
34:25 Crop Rotation
35:44 Two-Man Saw
34:27 Elite Huskarl
34:47 Two-Handed Swordsman
35:53 Ballistics
36:35 Chemistry
35:18 Treadmill Crane
36:01 Ballistics
37:28 Blast Furnace
40:43 Masonry
40:28 Champion
MochiCochi
10:23 Feudal Age
14:45 Castle Age
15:47 Double-Bit Axe
16:51 Bow Saw
17:52 Horse Collar
20:50 Heavy Plow
23:57 Wheelbarrow
23:41 Gold Mining
24:28 Loom
26:04 Hand Cart
27:57 Pikeman
28:38 Squires
28:00 Elite Skirmisher
28:52 Treadmill Crane
30:12 Gold Shaft Mining
32:16 Imperial Age
29:46 Arson
30:14 Thumb Ring
30:12 Scale Mail Armor
30:03 Fletching
33:14 Forging
34:09 Chemistry
33:30 Ballistics
34:43 Husbandry
34:04 Heavy Camel Rider
34:23 Halberdier
35:16 Stone Mining
37:40 Caravan
38:12 Coinage
38:18 Guilds
39:28 Conscription
40:04 Stone Shaft Mining
39:21 Elite Cataphract
40:29 Logistica
45:19 Padded Archer Armor
45:24 Bodkin Arrow
45:36 Scale Barding Armor
46:08 Iron Casting
45:48 Chain Mail Armor
SantiSICK7
3:45 Loom
9:58 Feudal Age
10:38 Double-Bit Axe
15:16 Castle Age
14:28 Horse Collar
15:26 Gold Mining
15:49 Scale Mail Armor
19:02 Squires
24:47 Wheelbarrow
24:07 Town Watch
24:51 Gambesons
25:42 Scale Mail Armor
26:19 Arson
26:49 Chain Mail Armor
27:03 Forging
27:12 Heavy Plow
26:51 Pikeman
28:04 Hand Cart
31:50 Imperial Age
29:29 Scale Barding Armor
29:54 Bow Saw
31:37 Iron Casting
33:40 Plate Mail Armor
33:29 Town Patrol
35:47 Elite Varangian Guard
35:49 Halberdier
39:32 Heavy Scorpion
42:38 Crop Rotation
43:10 Two-Man Saw
42:02 Stone Mining
42:48 Conscription
42:05 Capped Ram
43:35 Gothikon
46:32 Blast Furnace
45:45 Husbandry
45:56 Bloodlines
45:53 Light Cavalry
46:57 Chain Barding Armor
47:46 Hussar
49:18 Plate Barding Armor
Connection lost

Rejoining the realm…

Still unreachable

The connection could not be restored.

Session expired

The server has moved on; the page needs a fresh start.